 Dungeon Crawl Stone Soup version 0.20.1-1-g8b1a95d (webtiles) character file.

130 RicketyTrickster the Cutter (level 5, 0/49 HPs)
             Began as a Kobold Berserker on July 4, 2017.
             Was a Believer of Trog.
             Slain by RicketyTrickster's ghost (11 damage)
             ... on level 3 of the Dungeon.
             The game lasted 00:05:58 (2161 turns).

RicketyTrickster the Cutter (Kobold Berserker)      Turns: 2161, Time: 00:05:59

Health: 0/49       AC:  4    Str: 20    XL:     5   Next: 36%
Magic:  5/5        EV: 16    Int:  8    God:    Trog [**....]
Gold:   108        SH:  0    Dex: 15    Spells: 4/4 levels left

rFire    . . .     SeeInvis .   a - +0 short sword
rCold    . . .     Gourm    .   (shield restricted)
rNeg     . . .     Faith    .   d - +1 leather armour
rPois    .         Spirit   .   (no helmet)
rElec    .         Reflect  .   (no cloak)
rCorr    .         Harm     .   (no gloves)
MR       .....                  (no boots)
Stlth    ..........             (no amulet)
Regen    0.2/turn               f - ring of stealth
MPRegen  0.1/turn               (no ring)

@: berserking, very quick
A: carnivore 3
a: Berserk, Trog's Hand, Burn Spellbooks, Renounce Religion


You were on level 3 of the Dungeon.
You worshipped Trog.
Trog was pleased with you.
You were very full.

You visited 1 branch of the dungeon, and saw 3 of its levels.

You collected 108 gold pieces.

Inventory:

Hand Weapons
 a - a +0 short sword (weapon)
Armour
 d - a +1 leather armour (worn)
Jewellery
 f - a ring of stealth (left hand)
Scrolls
 i - 3 scrolls of remove curse
Potions
 e - 2 potions of curing
Comestibles
 b - a royal jelly
 c - 2 meat rations
 h - 3 chunks of flesh


   Skills:
 * Level 4.2 Fighting
 * Level 5.0 Short Blades
 * Level 2.3 Armour
 * Level 3.4 Dodging
 + Level 1.7 Stealth


You had 4 spell levels left.
You didn't know any spells.

Dungeon Overview and Level Annotations

Branches:
Dungeon (3/15)

Altars:
Nemelex Xobeh
Ru
Sif Muna

Annotations:
D:3 RicketyTrickster's ghost, amateur KoBe


Innate Abilities, Weirdness & Mutations

You are small and have problems with some larger weapons.
You are carnivorous and can eat meat at any time.


Message History

RicketyTrickster's ghost is severely damaged.
You miss RicketyTrickster's ghost.
RicketyTrickster's ghost is severely damaged.
RicketyTrickster's ghost closely misses you.
You puncture RicketyTrickster's ghost!
RicketyTrickster's ghost is almost destroyed.
You miss RicketyTrickster's ghost.
RicketyTrickster's ghost is almost destroyed.
RicketyTrickster's ghost stares at you. RicketyTrickster's ghost hits you!
* * * LOW HITPOINT WARNING * * *
You hit RicketyTrickster's ghost.
RicketyTrickster's ghost is almost destroyed.
RicketyTrickster's ghost barely misses you.
You closely miss RicketyTrickster's ghost.
RicketyTrickster's ghost is almost destroyed.
You hit RicketyTrickster's ghost but do no damage.
RicketyTrickster's ghost is almost destroyed.
RicketyTrickster's ghost hits you!
You die...

##.....#. .......
#.....# #..#..#
#..#..##
#.###......#####
##.##.##............
#......<[..W@.......
#.<...##...##...####
##+##..##.##........#
..........###..##...#
.......#..###........#
...............###..##
...................>#
.....#.#.############
##.....#+######


You could see RicketyTrickster's ghost.

Vanquished Creatures
  Jessica (D:2)
  3 adders
  An ooze (D:1)
  A worm (D:2)
  A leopard gecko (D:2)
  An orc (D:3)
  2 ball pythons (D:1)
  6 bats
  2 giant cockroaches
  11 goblins
  12 hobgoblins
  2 jackals (D:2)
  8 kobolds
  A quokka (D:2)
  3 frilled lizards
  8 rats
63 creatures vanquished.

Notes
Turn   | Place    | Note
-------+----------+-------------------------------------------
     0 | D:1      | RicketyTrickster the Kobold Berserker began the quest for the Orb.
     0 | D:1      | Reached XP level 1. HP: 14/14 MP: 1/1
   135 | D:1      | Reached XP level 2. HP: 14/19 MP: 2/2
   547 | D:1      | Reached XP level 3. HP: 22/23 MP: 3/3
  1142 | D:2      | Found a sacrificial altar of Ru.
  1238 | D:2      | Found a deep blue altar of Sif Muna.
  1371 | D:2      | Reached ** piety under Trog
  1407 | D:2      | Reached XP level 4. HP: 21/29 MP: 4/4
  1477 | D:2      | Reached skill level 1 in Stealth
  1567 | D:2      | Noticed Jessica
  1574 | D:2      | Killed Jessica
  1624 | D:2      | Reached XP level 5. HP: 33/33 MP: 5/5
  1700 | D:2      | Reached skill level 5 in Short Blades
  1878 | D:2      | Found a sparkling altar of Nemelex Xobeh.
  2150 | D:3      | Noticed RicketyTrickster's ghost (amateur KoBe)
  2161 | D:3      | Slain by RicketyTrickster's ghost

Skill      XL: |  1  2  3  4  5 |
---------------+----------------+-----
Dodging        | 3 |  3.4
Stealth        | 1 |  1.7
Fighting       | 4 |  4.2
Armour         | 2 |  2.3
Short Blades   | 5 |  5.0

Action                   |  1- 3 |  4- 6 || total
-------------------------+-------+-------++-------
Melee: Short sword       |   118 |    71 ||   189
Invok: Berserk           |       |     2 ||     2
  Use: Scroll            |     1 |     3 ||     4
       Potion            |       |     4 ||     4
 Stab: Sleeping          |     4 |     6 ||    10
  Eat: Chunk             |    10 |     3 ||    13
Armor: Leather armour    |    18 |     5 ||    23
Dodge: Dodged            |    72 |    37 ||   109
